 Dungeon Crawl Stone Soup version 0.14.0-26-g1682e81 (webtiles) character file.

924 Gravenous the Grappler (level 7, -9/57 HPs)
             Began as a Ghoul Monk on Apr 26, 2014.
             Killed by divine providence
             ... invoked by an orc priest
              (11 damage)
             ... on Level 4 of the Dungeon.
             The game lasted 00:08:32 (3164 turns).

Gravenous the Grappler (Ghoul Monk)                 Turns: 3164, Time: 00:08:32

HP  -9/57        AC  7     Str 15      XL: 7   Next: 86%
MP   5/5         EV 13     Int  5      God:
Gold 141         SH  0     Dex 13      Spells:  0 memorised,  6 levels left

rFire  . . .     SeeInvis .       - Unarmed
rCold  + . .     Clarity  .     c - +2 leather armour
rNeg   + + +     Conserve .     (no shield)
rPois  +         rCorr    .     n - +0 helmet
rElec  .         rRot     +     (no cloak)
SustAb . .       Spirit   .     (no gloves)
rMut   .         Warding  .     d - +0 pair of boots
Saprov + + +     Stasis   .     (no amulet)
MR     .....                    (no ring)
                                (no ring)

@: rotting, not resistant to hostile enchantments, fairly stealthy
A: rotting body, claws 1, carnivore 3, cold resistance 1, life protection 3,
poison resistance, saprovore 3, slow healing 1, torment resistance, unbreathing
a: no special abilities


You were on level 4 of the Dungeon.
You were not hungry.

You visited 1 branch of the dungeon, and saw 4 of its levels.

You collected 141 gold pieces.

Inventory:

Armour
 a - a +0 robe
 c - a +2 leather armour (worn)
 d - a +0 pair of boots (worn)
 n - a +0 helmet (worn)
Comestibles
 g - 3 meat rations
Scrolls
 b - 2 scrolls of enchant weapon I
 e - a scroll of teleportation {unknown}
 j - 3 scrolls of magic mapping {unknown}
 k - a scroll of amnesia {unknown}
 l - a scroll of fear {unknown}
 m - a scroll of remove curse
 o - a scroll of enchant weapon II {unknown}
 w - a scroll of identify {unknown}
Jewellery
 f - an uncursed amulet of resist corrosion {unknown}
 v - an uncursed ring of positive energy {unknown}
Potions
 i - a potion of lignification {unknown}
 r - a potion of agility {unknown}
 t - a potion of heal wounds {unknown}


   Skills:
 - Level 3.2 Fighting
 + Level 2.1 Armour
 - Level 4.4 Dodging
 - Level 2.1 Stealth
 * Level 8.9 Unarmed Combat


You had 6 spell levels left.
You didn't know any spells.

Dungeon Overview and Level Annotations

Branches:
Dungeon (4/15)
 Temple: D:4-7

Altars:


Innate Abilities, Weirdness & Mutations

Your body is rotting away.
You have sharp fingernails.
You are carnivorous and can eat meat at any time.
Your flesh is cold resistant.
You are immune to negative energy.
Your system is resistant to poisons.
You thrive on rotten meat.
You heal slowly when monsters are visible.
You are immune to unholy pain and torment.
You can survive without breathing.


Message History

Something smites you!
* * * LOW HITPOINT WARNING * * *
Something barely misses you.
The orc wizard becomes somewhat translucent.
Read which item? (? for menu, Esc to quit)
As you read the scroll labeled EKITIO HAOCH, it crumbles to dust.
It is a scroll of enchant weapon I.
You aren't carrying any weapons that can be enchanted.
The orc priest glows brightly for a moment.
You hear some strange, mumbled words.
The magic dart hits you!
* * * LOW HITPOINT WARNING * * *
The orc wizard barely misses you.
Unknown command.
Read which item? (? for menu, Esc to quit)
As you read the scroll labeled LEIM BINISK, it crumbles to dust.
You feel blessed for a moment.
It was a scroll of remove curse.
The orc priest mumbles some strange prayers to Beogh against you.
Something smites you!
You die...

#..### ############..####
#.................
#.............###.
#.............# #.
....###########.............###(
....o..o......'o...)()..>.......
..o############oo.##)##.....#.##
#@{.#...#.........
#...#...#.........
############...#...#...##....
#..............#####...##....
#........................#..#
#..........................#.
#...................#.#.#.#..
#...................#.......#
#...................##....#..


You could see an orc priest, an orc wizard and an orc.

Vanquished Creatures
  Grinder (D:3)
  2 ogres (D:4)
  A giant frog skeleton (D:4)
  A hound (D:4)
  An orc wizard (D:4)
  2 worker ants (D:4)
  An ogre skeleton (D:4)
  6 gnolls
  2 giant mites
  8 adders
  7 giant geckos
  2 oozes
  8 orcs
  2 giant cockroaches (D:1)
  17 goblins
  11 hobgoblins
  3 quokkas
  5 bats
  8 giant newts
  13 jackals
  4 kobolds
  8 rats
113 creatures vanquished.

Notes
Turn   | Place    | Note
--------------------------------------------------------------
     0 | D:1      | Gravenous, the Ghoul Monk, began the quest for the Orb.
     0 | D:1      | Reached XP level 1. HP: 19/19 MP: 1/1
   235 | D:1      | Reached skill level 5 in Unarmed Combat
   235 | D:1      | Reached XP level 2. HP: 23/26 MP: 2/2
   436 | D:1      | Reached XP level 3. HP: 28/31 MP: 3/3
  1039 | D:2      | Reached XP level 4. HP: 35/38 MP: 3/3
  1111 | D:2      | Reached skill level 6 in Unarmed Combat
  1318 | D:3      | Noticed Grinder
  1329 | D:3      | Paralysed by a potion of paralysis for 3 turns
  1365 | D:3      | Killed Grinder
  1365 | D:3      | Reached skill level 7 in Unarmed Combat
  1365 | D:3      | Reached XP level 5. HP: 30/45 MP: 4/4
  1365 | D:3      | Reached XP level 6. HP: 34/51 MP: 5/5
  2354 | D:4      | Reached XP level 7. HP: 57/57 MP: 5/5
  2597 | D:4      | Reached skill level 8 in Unarmed Combat
  2651 | D:4      | Reached skill level 1 in Armour
  3163 | D:4      | HP: 2/57 [something/magic dart (3)]
  3164 | D:4      | Killed from afar by an orc priest

Action                   |  1- 3 |  4- 6 |  7- 9 || total
-------------------------+-------+-------+-------++-------
Melee: Unarmed           |    87 |   145 |   136 ||   368
  Use: Potion            |       |     3 |     5 ||     8
       Scroll            |       |       |     3 ||     3
 Stab: Sleeping          |     4 |     5 |     1 ||    10
       Distracted        |       |     1 |       ||     1
